 Dungeon Crawl Stone Soup version 0.22.1-1-ga44c0e56f4 (webtiles) character file.

837 Jynx the Changer (level 7, -5/44 HPs)
             Began as an Octopode Transmuter on Nov 5, 2018.
             Was an Initiate of Okawaru.
             Killed by nerve-wracking pain
             ... invoked by a shadow imp
              (7 damage)
             ... on level 5 of the Dungeon.
             The game lasted 00:11:47 (5855 turns).

Jynx the Changer (Octopode Transmuter)              Turns: 5855, Time: 00:11:48

Health: -5/44      AC:  2    Str:  9    XL:     7   Next: 99%
Magic:  12/13      EV: 20    Int: 16    God:    Okawaru [......]
Gold:   235        SH:  0    Dex: 19    Spells: 4/15 levels left

rFire    . . .     SeeInvis .     - Unarmed
rCold    . . .     Gourm    .   (shield currently unavailable)
rNeg     . . .     Faith    .   (helmet currently unavailable)
rPois    x         Spirit   .   (no amulet)
rElec    .         Reflect  .   (no ring)
rCorr    .         Harm     .   (no ring)
MR       .....                  (no ring)
Stlth    ++........             (no ring)
HPRegen  0.14/turn              (no ring)
MPRegen  0.13/turn              (no ring)
                                (no ring)
                                (no ring)

@: spider-form (expiring)
A: tiny, almost no armour, stealthy swim, (amphibious), 8 rings, (constrict 8)
a: End Transformation, Renounce Religion


You were on level 5 of the Dungeon.
You worshipped Okawaru.
Okawaru was noncommittal.
You were not hungry.
You were a venomous arachnid creature.
You visited 2 branches of the dungeon, and saw 6 of its levels.

You collected 235 gold pieces.

Inventory:

Missiles
 a - 12 arrows
Wands
 i - a wand of flame (19)
 q - a wand of disintegration (14)
 u - a wand of iceblast (5)
 v - a wand of random effects (26)
Scrolls
 b - 4 scrolls of identify
 d - 2 scrolls of fog {unknown}
 h - 3 scrolls of remove curse
 j - a scroll of blinking {unknown}
 k - a scroll of random uselessness {unknown}
 l - a scroll of enchant weapon {unknown}
 m - a scroll of teleportation {unknown}
 o - a scroll of noise {unknown}
 p - 2 scrolls of magic mapping {unknown}
Potions
 e - 3 potions of flight {unknown}
 f - 2 potions of brilliance
 g - 2 potions of heal wounds
 n - a potion of resistance {unknown}
 r - a potion of mutation {unknown}
 s - a potion of curing {unknown}
 t - 2 potions of degeneration {unknown}
Comestibles
 c - 4 rations
 w - a chunk of flesh


   Skills:
 + Level 1.6 Fighting
 - Level 2.0 Dodging
 + Level 3.9 Unarmed Combat
 + Level 4.6 Spellcasting
 * Level 6.9 Transmutations


You had 4 spell levels left.
You knew the following spells:

 Your Spells              Type           Power        Failure   Level  Hunger
a - Beastly Appendage     Tmut           ####..       4%          1    None
b - Sticks to Snakes      Tmut           ####....     6%          2    ##.....
c - Spider Form           Tmut/Pois      ##........   28%         3    ###....
d - Blade Hands           Tmut           ####......   47%         5    ######.

Your spell library contained the following spells:

 Spells                   Type           Power        Failure   Level  Hunger
 Ice Form                 Ice/Tmut       ##......     58%         4    ####...


Dungeon Overview and Level Annotations

Branches:
Dungeon (5/15)             Temple (1/1) D:4

Altars:
Ashenzari
Dithmenos
Elyvilon
Fedhas
Gozag
Kikubaaqudgha
Makhleb
Okawaru
Qazlal
Ru
Uskayaw
Wu Jian
Xom
Zin

Annotations:
D:5 Menkaure


Innate Abilities, Weirdness & Mutations

You cannot wear most types of armour.
You are very stealthy in the water. (Stealth+)
((You are amphibious.))
You can wear up to eight rings at the same time.
((You can use your tentacles to constrict eight enemies at once.))
((Your skin changes colour to match your surroundings (Stealth+).))
((Your rubbery body absorbs attacks. (AC +1, EV +1)))


Message History

The centaur shoots an arrow.
The arrow hits you.
Menkaure gestures wildly while chanting.
Menkaure seems to speed up.
You see here 2 arrows.
Okawaru accepts your kill.
You feel a bit more experienced.
Menkaure calls on the powers of darkness!
The leopard gecko convulses!
Your body is wracked with pain!
* * * LOW HITPOINT WARNING * * *
The shadow imp gestures at you. Pain shoots through your body!
* * * LOW HITPOINT WARNING * * *
As you read the scroll labeled POMYNN XETEB, it crumbles to dust.
You feel blessed for a moment.
It was a scroll of remove curse.
Your transformation is almost over.
Menkaure calls on the powers of darkness!
The leopard gecko convulses!
You feel a surge of unholy energy. The shadow imp gestures at you.
Pain shoots through your body!
You die...

#########################
#...........)...........###
#.##########.####..####.#.##
#.######## ######..####>.#.##
#.#.PP.PP# #>s...........# ###
#.#PPP#PP# P# #.#..####.....###..
.....PPPPP#P###.#5.####.........#
≈≈≈≈..P#.#PP#....l..........###..
≈≈≈≈≈..PPPPP#.....#####.....# ##.
≈≈≈≈≈≈..P..P#.....# ##########.
≈≈≈≈≈≈≈.PPP.#.....# #......
...≈≈≈≈.PP..##...## ######.####.
._.≈≈≈≈.P.PP##.### #......####.


You could see a shadow imp and a leopard gecko.

Vanquished Creatures
  Edmund (D:4)
  An ogre (D:5)
  A centaur (D:5)
  A scorpion (D:4)
  4 orc wizards
  An orc priest (D:3)
  A hound (D:4)
  Jessica (D:2)
  Ijyb (D:4)
  A worker ant (D:4)
  Natasha (D:3)
  Robin (D:2)
  8 adders
  An ooze (D:1)
  4 worms
  3 dart slugs (D:1)
  4 leopard geckos
  16 orcs
  3 giant cockroaches
  11 hobgoblins
  2 jackals (D:2)
  6 kobolds
  4 quokkas
  13 bats
  6 frilled lizards
  14 goblins
  27 rats
137 creatures vanquished.

Notes
Turn   | Place    | Note
-------+----------+-------------------------------------------
     0 | D:1      | Jynx the Octopode Transmuter began the quest for the Orb.
     0 | D:1      | Reached XP level 1. HP: 13/13 MP: 3/3
   116 | D:1      | Reached XP level 2. HP: 18/18 MP: 3/5
   383 | D:1      | Reached skill level 3 in Transmutations
   383 | D:1      | Reached XP level 3. HP: 15/23 MP: 4/6
   879 | D:2      | Noticed Jessica
   885 | D:2      | Killed Jessica
   885 | D:2      | Reached XP level 4. HP: 25/28 MP: 5/8
  1161 | D:2      | Noticed Robin
  1227 | D:2      | Reached skill level 4 in Transmutations
  1367 | D:2      | Killed Robin
  1367 | D:2      | Reached XP level 5. HP: 22/33 MP: 9/9
  1469 | D:2      | Learned a level 2 spell: Sticks to Snakes
  1473 | D:2      | Learned a level 3 spell: Spider Form
  1507 | D:2      | Found a faded altar of an unknown god.
  2175 | D:3      | Found a white marble altar of Elyvilon.
  2801 | D:2      | Reached skill level 5 in Transmutations
  2801 | D:2      | Reached XP level 6. HP: 16/38 MP: 8/11
  3168 | D:3      | Noticed Natasha
  3181 | D:3      | Killed Natasha
  3703 | D:4      | Noticed Ijyb
  3800 | D:4      | Killed Ijyb
  4085 | D:4      | Found a staircase to the Ecumenical Temple.
  4095 | Temple   | Entered the Ecumenical Temple
  4179 | Temple   | Learned a level 5 spell: Blade Hands
  4185 | Temple   | Became a worshipper of Warmaster Okawaru
  4206 | D:4      | Noticed Edmund
  4234 | D:4      | Killed Edmund
  4234 | D:4      | Reached skill level 6 in Transmutations
  4234 | D:4      | Reached XP level 7. HP: 4/43 MP: 13/13
  4825 | D:4      | Found a sacrificial altar of Ru.
  5639 | D:5      | Entered Level 5 of the Dungeon
  5757 | D:5      | Found a blossoming altar of Fedhas.
  5833 | D:5      | Noticed Menkaure
  5848 | D:5      | HP: 1/44 [shadow imp/nerve-wracking pain (13)]
  5855 | D:5      | Killed from afar by a shadow imp

Skill      XL: |  1  2  3  4  5  6 |
---------------+-------------------+-----
Transmutations | 3 4 5 6 |  6.9
Spellcasting   | 3 4 |  4.6
Fighting       | |  1.6
Dodging        | |  2.0
Unarmed Combat | |  3.9

Action                   |  1- 3 |  4- 6 |  7- 9 || total
-------------------------+-------+-------+-------++-------
Melee: Unarmed           |    57 |   227 |    55 ||   339
       Constrict         |    23 |    47 |     8 ||    78
       Tentacles         |    12 |    22 |     6 ||    40
       Kick              |    13 |    30 |     3 ||    46
       Punch             |     1 |     5 |     1 ||     7
 Cast: Beastly Appendage |    11 |    25 |     6 ||    42
       Spider Form       |       |     7 |     4 ||    11
       Blade Hands       |       |       |     1 ||     1
  Use: Scroll            |       |     2 |     2 ||     4
 Stab: Sleeping          |     2 |     4 |     3 ||     9
  Eat: Chunk             |       |    11 |     6 ||    17
Armor: Skin              |    12 |    16 |     3 ||    31
Dodge: Dodged            |    56 |   146 |    36 ||   238
